 Dungeon Crawl Stone Soup version 0.27-a0-562-g0d39f094a4 (webtiles) character file.

Game seed: 4873277443613206288

7 porpoise the Sneak (level 1, 0/20 HPs)
             Began as a Minotaur Delver on Mar 9, 2021.
             Slain by an orc
             ... wielding a +0 trident
              (9 damage)
             ... on level 4 of the Dungeon.
             The game lasted 00:00:53 (122 turns).

porpoise the Sneak (Minotaur Delver)                 Turns: 122, Time: 00:00:54

Health: 0/20       AC:  3    Str: 16    XL:     1   Next: 91%
Magic:  0/0        EV: 11    Int:  7    God:
Gold:   37         SH:  0    Dex: 11    Spells: 0/0 levels left

rFire    . . .     SeeInvis .   a - +0 mace
rCold    . . .     Faith    .   (no shield)
rNeg     . . .     Spirit   .   b - +0 leather armour
rPois    .         Reflect  .   (helmet restricted)
rElec    .         Harm     .   (no cloak)
rCorr    .         Rampage  .   (no gloves)
Will     .....                  (no boots)
Stlth    ++........             (no amulet)
HPRegen  0.06/turn              (no ring)
MPRegen  0.07/turn              (no ring)

@: no status effects
A: horns 2, retaliatory headbutt
a: no special abilities


You were on level 4 of the Dungeon.
You visited 1 branch of the dungeon, and saw 2 of its levels.

You collected 37 gold pieces.

Inventory:

Hand Weapons
 a - a +0 mace (weapon)
Missiles
 i - 26 stones (quivered)
Armour
 b - a +0 leather armour (worn)
 k - a +0 ring mail
Wands
 g - a wand of digging (3)
Scrolls
 c - a scroll of fog
 d - a scroll of magic mapping
 e - a scroll of fear
 j - a scroll of identify {unknown}
Potions
 f - a potion of haste
 h - a potion of mutation {unknown}


   Skills:
 + Level 4.0 Fighting
 + Level 2.9 Maces & Flails
 - Level 2.1 Dodging
 - Level 4.1 Stealth


You couldn't memorise any spells.
You didn't know any spells.
Your spell library was empty.

Dungeon Overview and Level Annotations

Branches:
Dungeon (5/15)
 Temple: D:4-7

Altars:
Nemelex Xobeh


Innate Abilities, Weirdness & Mutations

You have a pair of horns on your head.
You reflexively headbutt those who attack you in melee.


Message History

You hit the jackal.
The jackal is heavily wounded.
The jackal bites you. The jackal barely misses you. You furiously retaliate!
You headbutt the jackal!
You kill the jackal!
The jackal closely misses you. You furiously retaliate!
You headbutt the jackal. You hit the jackal.
You kill the jackal!
The jackal barely misses you. The jackal bites you.
You hit the jackal but do no damage. Your headbutt misses the jackal.
The jackal misses you.
The jackal bites you but does no damage.
You hit the jackal.
You kill the jackal!
No target in view!
There is a stone staircase leading down, spattered with blood here.
You start resting.
An orc comes into view. It is wielding a +0 trident.
You see here a jackal corpse.
You start resting.
An orc is nearby!
The orc shouts!
You hear a shout! x2
An orc comes into view. It is wielding a +0 club.
The orc throws a stone.
The stone barely misses you. 2 orcs and a skeleton come into view.
The orc throws a stone.
The stone misses you.
The orc moves out of view. x2
The hound skeleton moves out of view.
There is a stone staircase leading down, spattered with blood here.
An orc comes into view. It is wielding a +0 flail.
The orc completely misses you.
You sock the orc!
You kill the orc!
The orc hits you from afar with a +0 trident.
Your Fighting skill increases to level 4!
The orc hits you with a +0 trident.
You closely miss the orc.
The orc shouts! x2; You hear an angry hiss.
The orc hits you with a +0 trident!
You die...

#...###... . .
.#....####
.##......o....
...#.........
###..........#
##...Z.o.......
......oo......#
....##@##
.........##
....##..>†##.#
..#......†...#
....##.#........
.... #.##.......
.## ... .......
.... .......
.... ..#....


You could see 4 orcs and a hound skeleton.

Vanquished Creatures
  An orc (D:4)
  4 jackals (D:4)
5 creatures vanquished.

Notes
Turn   | Place    | Note
-------+----------+-------------------------------------------
     0 | D:5      | porpoise the Minotaur Delver began the quest for the Orb.
     0 | D:5      | Reached XP level 1. HP: 19/19 MP: 0/0
    55 | D:5      | Noticed a centaur
   122 | D:4      | Slain by an orc

Illustrated notes

Levels and vault maps discovered:
D:4:      layout_cave_pools, lemuel_round_altar, kennysheep_mini_moat,
          minmay_temple_entry_slanted, serial_shops, shop, shop_fountains,
          kennysheep_mini, nicolae_shop_statue_plus, shop, st_stairs_11,
          chequers_serial_rivers_micro_e
D:5:      layout_basic, nemelex_xobeh_ov_fountains_minmay,
          minmay_misc_feat_rows, uniq_ijyb

Skill      XL: |  1 |
---------------+----+-----
Fighting       | 4 |  4.0
Maces & Flails | |  2.9
Dodging        | |  2.1
Stealth        | |  4.1

Action                   || total
-------------------------++-------
Melee: Mace              ||     9
Armor: Leather armour    ||     6
Dodge: Dodged            ||     9

Table legend: (Time is in decaauts)
 A = Elapsed time spent in this place.
 B = Non-inter-level travel time spent in this place.
 C = Inter-level travel time spent in this place.
 D = Time resting spent in this place.
 E = Time spent auto-exploring this place.
 F = Levels seen in this place.
 G = Mean time per level.
                   A        B        C        D        E       F      G
               +--------+--------+--------+--------+--------+-----+--------+
         Total |    123 |    123 |      0 |     40 |      0 |   2 |   61.5 |
       Dungeon |    123 |    123 |      0 |     40 |      0 |   2 |   61.5 |
               +--------+--------+--------+--------+--------+-----+--------+

Top non-repeatable levels by time:
     D:4: 65 daAuts
     D:5: 58 daAuts
